 Dungeon Crawl Stone Soup version 0.19.1 (webtiles) character file.

102 SQman the Twirler (level 4, -7/33 HPs)
             Began as a Vampire Wanderer on Dec 10, 2016.
             Was an Initiate of Dithmenos.
             Mangled by an ogre
             ... wielding a +0 giant club
              (15 damage)
             ... on level 3 of the Dungeon.
             The game lasted 00:11:53 (1820 turns).

SQman the Twirler (Vampire Wanderer)                Turns: 1820, Time: 00:11:54

Health: -7/33      AC:  5    Str: 10    XL:     4   Next: 49%
Magic:  4/4        EV:  9    Int: 15    God:    Dithmenos [......]
Gold:   91         SH:  3    Dex: 14    Spells: 0 memorised, 3 levels left

rFire  + . .     SeeInvis +     a - +3 dagger
rCold  . . .     Gourm    .     i - +0 ring mail
rNeg   + . .     Faith    .     o - +0 buckler
rPois  .         Spirit   .     (no helmet)
rElec  .         Reflect  .     (no cloak)
rCorr  +         Harm     .     (no gloves)
MR     .....                    (no boots)
Stlth  +.........               (no amulet)
                                g - ring of protection from fire
                                m - ring of resist corrosion

@: no status effects
A: fangs 3, see invisible, unbreathing
a: Bat Form, Renounce Religion


You were on level 3 of the Dungeon.
You worshipped Dithmenos.
Dithmenos was noncommittal.
You were not thirsty.

You visited 1 branch of the dungeon, and saw 3 of its levels.

You collected 91 gold pieces.

Inventory:

Hand Weapons
 a - a +3 dagger (weapon)
 d - a +0 quarterstaff
 l - a cursed -3 short sword
Armour
 e - a +0 robe
 i - a +0 ring mail (worn)
 o - a +0 buckler (worn)
Jewellery
 g - a ring of protection from fire (right hand)
 h - a cursed ring of magical power
 m - a ring of resist corrosion (left hand)
Scrolls
 b - a scroll of blinking
 k - 2 scrolls of teleportation
Potions
 c - 3 potions of lignification
 f - 14 potions of blood
 n - a potion of curing {unknown}
 p - a potion of heal wounds {unknown}


   Skills:
 + Level 2.2 Fighting
 + Level 3.5 Staves
 + Level 1.0 Throwing
 + Level 0.5 Armour
 + Level 1.2 Dodging
 + Level 2.0 Stealth
   Level 3.0 Hexes
   Level 1.0 Fire Magic
   Level 1.0 Evocations


You had 3 spell levels left.
You didn't know any spells.

Dungeon Overview and Level Annotations

Branches:
Dungeon (3/15)

Altars:
Dithmenos
Kikubaaqudgha


Innate Abilities, Weirdness & Mutations

You have razor-sharp teeth.
You have supernaturally acute eyesight. (SInv)
You can survive without breathing.


Message History

Ouch! That really hurt!
* * * LOW HITPOINT WARNING * * *
Firing (i - inventory): No suitable missiles.
Press: ? - help, Shift-Dir - straight line, f/p - frilled lizard
Aim: a frilled lizard
Okay, then.
You hit the ogre.
The ogre is moderately wounded.
The ogre barely misses you.
You hit the ogre but do no damage. You bite the ogre.
The ogre is heavily wounded.
The frilled lizard bites you but does no damage.
You hit the ogre.
The ogre is severely wounded.
You block the ogre's attack.
The frilled lizard bites you but does no damage.
You hit the ogre. You bite the ogre.
The ogre is almost dead.
The ogre hits you with a giant club!
You die...

#..(...#.# .# #..
#......#.# .### #..
#......#.#.... #..
##......#.#..#######
... #.........#..<
..........
######)##(#.####....#
..
#.....#.........#.##.
..
#.....#.l.(#.........
.
#.###..@O...........#
#.........##........#
++###...............#
.....%..^..%.......
....#............$..
#....##.......(.....(
#... #.#######......
#... #.# ######


You could see an ogre and a frilled lizard.

Vanquished Creatures
  Ijyb (D:2)
  2 adders
  An adder zombie (D:2)
  2 worms (D:2)
  3 leopard geckos
  An orc (D:3)
  2 ball pythons
  3 giant cockroaches
  7 goblins
  7 hobgoblins
  4 jackals (D:1)
  6 kobolds
  A quokka (D:3)
  2 bats
  2 frilled lizards
  2 orc zombies (D:2)
  A rat (D:1)
  A rat zombie (D:2)
48 creatures vanquished.

Notes
Turn   | Place    | Note
-------+----------+-------------------------------------------
     0 | D:1      | SQman the Vampire Wanderer began the quest for the Orb.
     0 | D:1      | SQman set off with: a +2 dagger, a scroll of blinking, a potion of lignification, a +0 quarterstaff, a +0 robe, a potion of blood
     0 | D:1      | Reached XP level 1. HP: 16/16 MP: 1/1
   232 | D:1      | Reached XP level 2. HP: 17/22 MP: 2/2
   878 | D:2      | Found an ancient bone altar of Kikubaaqudgha.
   881 | D:2      | Noticed Ijyb
   892 | D:2      | Killed Ijyb
   892 | D:2      | Reached XP level 3. HP: 21/27 MP: 3/3
   926 | D:2      | Became a worshipper of Kikubaaqudgha
  1065 | D:2      | Found a shadowy altar of Dithmenos.
  1081 | D:2      | Fell from the grace of Kikubaaqudgha
  1081 | D:2      | Became a worshipper of Dithmenos the Shadowed
  1382 | D:2      | Reached XP level 4. HP: 24/33 MP: 4/4
  1386 | D:2      | Reached skill level 1 in Dodging
  1785 | D:3      | Reached skill level 1 in Throwing
  1806 | D:3      | Noticed an ogre
  1820 | D:3      | Mangled by an ogre

Skill      XL: |  1  2  3  4 |
---------------+-------------+-----
Fighting       | 2 |  2.2
Staves         | 3 |  3.5
Stealth        | 2 |  2.0
Dodging        | 1 |  1.2
Throwing       | 1 |  1.0
Armour         | |  0.5
Hexes          | |  3.0
Fire Magic     | |  1.0
Evocations     | |  1.0

Action                   |  1- 3 |  4- 6 || total
-------------------------+-------+-------++-------
Melee: Quarterstaff      |    64 |       ||    64
       Dagger            |    31 |    36 ||    67
       Bite              |     6 |     7 ||    13
Throw: Javelin           |    28 |    13 ||    41
  Use: Scroll            |     6 |     1 ||     7
       Potion            |     1 |     2 ||     3
Armor: Ring mail         |    26 |     9 ||    35
Dodge: Dodged            |    52 |    21 ||    73
Block: Buckler           |       |     1 ||     1
